[ AOE2 MATCH · #484455128 ]
UnrankedHindustanis vs Shu
[ REPLAY ANALYSIS · EXTRACTED FROM THE RECORDED GAME ]
Feudal
—
Castle
—
Imperial
—
| APM avg | 61.2 |
| APM peak | 864 |
| eAPM avg | 54.3 |
| Villagers / military | 55 / 1090 |
Focus
⚔️ 54.9% · 🌾 45.1%
Ghulam ×1010 · Camel Scout ×48 · Mangonel ×16 · Bombard Cannon ×16
Feudal
—
Castle
—
Imperial
—
| APM avg | 12.0 |
| APM peak | 114 |
| eAPM avg | 10.9 |
| Villagers / military | 32 / 129 |
Focus
⚔️ 91.1% · 🌾 8.9%
Unknown (1959) ×155 · Skirmisher ×128 · Unknown (1962) ×64 · Unknown (1942) ×16 · Petard ×1 · Unknown (1966) ×1
Feudal
—
Castle
—
Imperial
—
| APM avg | 12.2 |
| APM peak | 33 |
| eAPM avg | 11.4 |
| Villagers / military | 17 / 195 |
Focus
⚔️ 56.2% · 🌾 43.8%
War Elephant ×90 · Mangonel ×75 · Bombard Cannon ×30
Feudal
—
Castle
—
Imperial
—
| APM avg | 27.6 |
| APM peak | 177 |
| eAPM avg | 27.2 |
| Villagers / military | 36 / 239 |
Focus
⚔️ 41.5% · 🌾 58.5%
Genoese Crossbowman ×136 · Knight ×31 · Militia ×31 · Petard ×16 · Archer ×15 · Hand Cannoneer ×10
Match map
Initial resources + every placement click. Lines = walls · curves = elevation contours. ◆ gold · ⬟ stone · ● berries · ✦ relic · ◌ wall gap
Your base· ✓ Map-separated
Eltiooz's base· ✓ Map-separated
Helldogs3732's base· ✓ Map-separated
PrecededPlanet8's base· ✓ Map-separated
Smoothed initial terrain · ◌ = detected wall gap · hover for details
Inputs per minute
— LEGEND DROXZ - - Eltiooz
Build order — LEGEND DROXZ
First 150 of 1459 actions detected
| 0:08 | Build | Town Center |
| 0:11 | Create | Villager (Male) ×15 |
| 0:11 | Create | Villager (Male) |
| 0:39 | Build | Town Center |
| 1:45 | Build | Castle |
| 1:47 | Build | Castle |
| 1:47 | Build | Castle |
| 1:49 | Build | Castle |
| 1:49 | Build | Castle |
| 1:50 | Build | Castle |
| 1:51 | Build | Castle |
| 1:52 | Build | Castle |
| 1:53 | Build | Castle |
| 1:54 | Build | Castle |
| 1:55 | Build | Castle |
| 1:56 | Create | Villager (Male) |
| 1:56 | Create | Villager (Male) |
| 1:56 | Create | Villager (Male) |
| 1:56 | Create | Villager (Male) |
| 1:56 | Create | Villager (Male) |
| 1:56 | Create | Villager (Male) |
| 1:56 | Create | Villager (Male) |
| 1:56 | Create | Villager (Male) |
| 1:56 | Create | Villager (Male) |
| 1:57 | Create | Villager (Male) |
| 1:57 | Create | Villager (Male) |
| 1:57 | Create | Villager (Male) |
| 2:29 | Build | House |
| 2:30 | Build | House |
| 2:30 | Build | House |
| 2:30 | Build | House |
| 2:31 | Build | House |
| 2:32 | Build | House |
| 2:33 | Build | House |
| 2:33 | Build | House |
| 2:34 | Build | House |
| 2:34 | Build | House |
| 2:35 | Build | House |
| 2:35 | Build | House |
| 2:36 | Build | House |
| 2:36 | Build | House |
| 2:36 | Build | House |
| 2:37 | Build | House |
| 2:37 | Build | House |
| 2:38 | Build | House |
| 2:38 | Build | House |
| 2:39 | Build | House |
| 2:39 | Build | House |
| 2:40 | Build | House |
| 2:40 | Build | House |
| 2:40 | Build | House |
| 2:42 | Build | House |
| 2:42 | Build | House |
| 2:43 | Build | House |
| 2:43 | Build | House |
| 2:44 | Build | House |
| 2:44 | Build | House |
| 2:45 | Build | House |
| 2:45 | Build | House |
| 2:46 | Build | House |
| 2:46 | Build | House |
| 2:46 | Build | House |
| 2:55 | Build | Siege Workshop |
| 2:55 | Build | Siege Workshop |
| 2:56 | Build | Siege Workshop |
| 2:57 | Build | Siege Workshop |
| 2:58 | Build | Siege Workshop |
| 2:59 | Build | Siege Workshop |
| 3:00 | Build | Siege Workshop |
| 3:00 | Build | Siege Workshop |
| 3:00 | Build | Siege Workshop |
| 3:01 | Build | Siege Workshop |
| 3:02 | Build | Siege Workshop |
| 3:03 | Build | Siege Workshop |
| 3:04 | Build | Siege Workshop |
| 3:04 | Build | Siege Workshop |
| 3:05 | Build | Siege Workshop |
| 3:05 | Build | Siege Workshop |
| 3:05 | Build | Siege Workshop |
| 3:06 | Build | Siege Workshop |
| 3:06 | Build | Siege Workshop |
| 3:07 | Build | Siege Workshop |
| 3:08 | Build | Siege Workshop |
| 3:09 | Build | Siege Workshop |
| 3:10 | Build | Siege Workshop |
| 3:11 | Build | Siege Workshop |
| 3:11 | Build | Siege Workshop |
| 3:24 | Build | Stable |
| 3:24 | Build | Stable |
| 3:25 | Build | Stable |
| 3:26 | Build | Stable |
| 3:26 | Build | Stable |
| 3:27 | Build | Stable |
| 3:29 | Build | Stable |
| 3:29 | Build | Stable |
| 3:29 | Build | Stable |
| 3:30 | Build | Stable |
| 3:30 | Build | Stable |
| 3:32 | Build | Stable |
| 3:34 | Build | Stable |
| 3:34 | Build | Stable |
| 3:35 | Build | Stable |
| 3:37 | Build | Stable |
| 3:37 | Build | Stable |
| 3:38 | Build | Stable |
| 3:39 | Build | Stable |
| 3:40 | Build | Stable |
| 3:40 | Build | Stable |
| 3:41 | Build | Stable |
| 3:41 | Build | Stable |
| 3:42 | Build | Stable |
| 3:42 | Build | Stable |
| 3:43 | Build | Stable |
| 3:53 | Build | Barracks |
| 3:53 | Build | Barracks |
| 3:54 | Build | Barracks |
| 3:55 | Build | Barracks |
| 3:55 | Build | Barracks |
| 3:56 | Build | Barracks |
| 3:56 | Build | Barracks |
| 3:57 | Build | Barracks |
| 3:58 | Build | Barracks |
| 3:58 | Build | Barracks |
| 3:59 | Build | Barracks |
| 4:01 | Build | Barracks |
| 4:01 | Build | Barracks |
| 4:03 | Build | Barracks |
| 4:04 | Build | Barracks |
| 4:04 | Build | Barracks |
| 4:04 | Build | Barracks |
| 4:05 | Build | Barracks |
| 4:05 | Build | Barracks |
| 4:05 | Build | Barracks |
| 4:06 | Build | Barracks |
| 4:07 | Build | Barracks |
| 4:07 | Build | Barracks |
| 4:08 | Build | Barracks |
| 4:08 | Build | Barracks |
| 4:08 | Build | Barracks |
| 4:20 | Research | Elite Ghulam (upgrade) |
| 4:22 | Research | Shatagni |
| 4:23 | Research | Hoardings |
| 4:25 | Research | Spies/Treason |
| 4:25 | Research | Conscription |
| 4:33 | Create | Villager (Male) |
| 4:33 | Create | Villager (Male) |
| 4:33 | Create | Villager (Male) |
| 4:33 | Create | Villager (Male) |
| 4:33 | Create | Villager (Male) |
| 4:33 | Create | Villager (Male) |
Build order — Eltiooz
First 150 of 205 actions detected
| 0:13 | Build | House |
| 0:14 | Build | House |
| 0:15 | Build | House |
| 0:17 | Build | House |
| 0:18 | Build | House |
| 0:19 | Build | House |
| 0:33 | Build | Castle |
| 0:35 | Build | Castle |
| 0:37 | Build | Castle |
| 0:39 | Build | Castle |
| 0:40 | Build | Castle |
| 0:42 | Build | Castle |
| 0:44 | Build | Castle |
| 0:46 | Build | Castle |
| 0:48 | Build | Castle |
| 0:50 | Build | Castle |
| 0:52 | Build | Castle |
| 1:02 | Create | Villager (Male) ×15 |
| 1:26 | Build | Stone Wall |
| 1:30 | Build | Stone Wall |
| 1:34 | Build | Stone Wall |
| 1:39 | Build | Stone Wall |
| 1:47 | Build | Stone Wall |
| 1:53 | Build | Stone Wall |
| 1:57 | Build | Stone Wall |
| 2:00 | Build | Stone Wall |
| 2:11 | Build | Stone Wall |
| 2:38 | Build | House |
| 2:40 | Build | House |
| 2:41 | Build | House |
| 2:42 | Build | House |
| 2:43 | Build | House |
| 2:44 | Build | House |
| 2:45 | Build | House |
| 2:47 | Build | House |
| 2:48 | Build | House |
| 2:49 | Build | House |
| 2:50 | Build | House |
| 3:17 | Build | Castle |
| 3:18 | Build | Castle |
| 3:20 | Build | Castle |
| 3:22 | Build | Castle |
| 3:37 | Build | Castle |
| 3:40 | Build | Castle |
| 3:42 | Build | Castle |
| 3:44 | Build | Castle |
| 3:47 | Build | Castle |
| 3:49 | Build | Castle |
| 3:51 | Build | Castle |
| 3:53 | Build | Castle |
| 3:56 | Build | Castle |
| 3:58 | Build | Castle |
| 4:00 | Build | Castle |
| 4:01 | Build | Castle |
| 4:03 | Build | Castle |
| 4:06 | Build | Castle |
| 4:08 | Build | Castle |
| 4:10 | Build | Castle |
| 4:12 | Build | Castle |
| 4:13 | Build | Castle |
| 4:23 | Build | Stable |
| 4:24 | Build | Stable |
| 4:26 | Build | Stable |
| 4:28 | Build | Stable |
| 4:30 | Build | Stable |
| 4:32 | Build | Stable |
| 4:34 | Build | Stable |
| 4:35 | Build | Stable |
| 4:37 | Build | Stable |
| 4:39 | Build | Stable |
| 4:42 | Build | Stable |
| 4:43 | Build | Stable |
| 4:45 | Build | Stable |
| 4:47 | Build | Stable |
| 4:49 | Build | Stable |
| 4:51 | Build | Stable |
| 4:52 | Build | Stable |
| 5:01 | Build | Stable |
| 5:03 | Build | Stable |
| 5:16 | Build | Archery Range |
| 5:17 | Build | Archery Range |
| 5:19 | Build | Archery Range |
| 5:21 | Build | Archery Range |
| 5:22 | Build | Archery Range |
| 5:24 | Build | Archery Range |
| 5:26 | Build | Archery Range |
| 5:28 | Build | Archery Range |
| 5:30 | Build | Archery Range |
| 5:35 | Build | Archery Range |
| 5:37 | Build | Archery Range |
| 5:39 | Build | Archery Range |
| 5:43 | Build | Archery Range |
| 5:44 | Build | Archery Range |
| 6:02 | Build | Town Center |
| 7:02 | Build | Blacksmith |
| 7:09 | Create | Villager (Male) |
| 7:10 | Create | Villager (Male) |
| 7:49 | Build | Archery Range |
| 7:51 | Build | Archery Range |
| 7:52 | Build | Gate |
| 7:57 | Build | Siege Workshop |
| 7:59 | Build | Siege Workshop |
| 8:00 | Build | Siege Workshop |
| 8:02 | Build | Siege Workshop |
| 8:04 | Build | Siege Workshop |
| 8:07 | Build | Siege Workshop |
| 8:09 | Build | Watch Tower |
| 8:16 | Build | Siege Workshop |
| 8:19 | Build | Siege Workshop |
| 8:21 | Build | Siege Workshop |
| 8:22 | Build | Siege Workshop |
| 8:28 | Research | Spies/Treason |
| 8:31 | Research | Conscription |
| 8:32 | Research | Tech 1069 |
| 8:35 | Create | Petard |
| 8:36 | Research | Tech 1064 |
| 8:41 | Research | Plate Mail Armor |
| 8:42 | Research | Ring Archer Armor |
| 8:43 | Research | Bracer |
| 8:44 | Research | Plate Barding Armor |
| 9:42 | Create | Villager (Male) |
| 9:43 | Create | Villager (Male) ×14 |
| 10:55 | Research | Tech 1033 |
| 11:11 | Research | Arbalester (upgrade) |
| 11:16 | Research | Heavy Cavalry Archer (upgrade) |
| 11:26 | Create | Skirmisher ×15 |
| 11:27 | Create | Skirmisher |
| 11:28 | Create | Skirmisher ×15 |
| 11:28 | Create | Skirmisher |
| 11:29 | Create | Skirmisher ×15 |
| 11:29 | Create | Skirmisher |
| 11:30 | Create | Skirmisher ×15 |
| 11:30 | Create | Skirmisher |
| 11:31 | Create | Skirmisher ×15 |
| 11:31 | Create | Skirmisher |
| 11:32 | Create | Skirmisher ×15 |
| 11:32 | Create | Skirmisher |
| 11:33 | Create | Skirmisher ×15 |
| 11:33 | Create | Skirmisher |
| 11:34 | Create | Skirmisher ×15 |
| 11:35 | Create | Skirmisher |
| 11:52 | Create | Unit 1959 ×15 |
| 11:53 | Create | Unit 1959 |
| 11:54 | Create | Unit 1959 ×15 |
| 11:54 | Create | Unit 1959 |
| 11:55 | Create | Unit 1959 ×15 |
| 11:55 | Create | Unit 1959 |
| 11:56 | Create | Unit 1959 ×15 |
| 11:57 | Create | Unit 1959 |
| 11:57 | Create | Unit 1959 ×11 |
Build order — Helldogs3732
First 150 of 309 actions detected
| 0:19 | Build | Castle |
| 0:22 | Build | Castle |
| 0:25 | Build | Castle |
| 0:32 | Build | Castle |
| 0:35 | Build | Castle |
| 0:38 | Build | Castle |
| 0:43 | Build | Castle |
| 0:45 | Build | Castle |
| 0:47 | Build | Castle |
| 0:50 | Build | Castle |
| 0:52 | Build | Castle |
| 0:55 | Build | Castle |
| 0:57 | Build | Castle |
| 1:00 | Build | Castle |
| 1:02 | Build | Castle |
| 1:06 | Build | Castle |
| 1:09 | Build | Castle |
| 1:11 | Build | Castle |
| 1:14 | Build | Castle |
| 1:16 | Build | Castle |
| 1:19 | Build | Castle |
| 1:24 | Build | Castle |
| 1:27 | Build | Castle |
| 1:31 | Build | Castle |
| 1:34 | Build | Castle |
| 1:47 | Create | Villager (Male) ×5 |
| 1:47 | Create | Villager (Male) ×5 |
| 1:47 | Create | Villager (Male) ×5 |
| 1:59 | Build | House |
| 2:01 | Build | House |
| 2:04 | Build | House |
| 2:08 | Build | House |
| 2:09 | Build | House |
| 2:10 | Build | House |
| 2:12 | Build | House |
| 2:15 | Build | House |
| 2:21 | Build | House |
| 2:23 | Build | House |
| 2:23 | Build | House |
| 2:24 | Build | House |
| 2:25 | Build | House |
| 2:26 | Build | House |
| 2:27 | Build | House |
| 2:28 | Build | House |
| 2:28 | Build | House |
| 2:29 | Build | House |
| 2:30 | Build | House |
| 2:31 | Build | House |
| 2:32 | Build | House |
| 2:33 | Build | House |
| 2:33 | Build | House |
| 2:35 | Build | House |
| 2:36 | Build | House |
| 2:37 | Build | House |
| 2:38 | Build | House |
| 2:38 | Build | House |
| 2:39 | Build | House |
| 2:40 | Build | House |
| 2:40 | Build | House |
| 2:41 | Build | House |
| 2:44 | Build | House |
| 3:23 | Build | Stone Wall |
| 3:50 | Build | Stone Wall |
| 4:14 | Build | Barracks |
| 4:16 | Build | Barracks |
| 4:19 | Build | Barracks |
| 4:22 | Build | Barracks |
| 4:24 | Build | Barracks |
| 4:26 | Build | Barracks |
| 4:28 | Build | Barracks |
| 4:32 | Build | Barracks |
| 4:35 | Build | Barracks |
| 4:39 | Build | Barracks |
| 4:41 | Build | Barracks |
| 4:43 | Build | Barracks |
| 4:46 | Build | Barracks |
| 5:16 | Build | Archery Range |
| 5:18 | Build | Archery Range |
| 5:21 | Build | Archery Range |
| 5:23 | Build | Archery Range |
| 5:26 | Build | Archery Range |
| 5:30 | Build | Archery Range |
| 5:33 | Build | Archery Range |
| 5:36 | Build | Archery Range |
| 5:39 | Build | Archery Range |
| 5:41 | Build | Archery Range |
| 5:44 | Build | Archery Range |
| 5:57 | Build | Stable |
| 5:59 | Build | Stable |
| 6:01 | Build | Stable |
| 6:05 | Build | Stable |
| 6:07 | Build | Stable |
| 6:11 | Build | Stable |
| 6:17 | Build | Stable |
| 6:19 | Build | Stable |
| 6:21 | Build | Stable |
| 6:25 | Build | Stable |
| 6:28 | Build | Stable |
| 6:31 | Build | Stable |
| 6:34 | Build | Stable |
| 6:40 | Build | Stable |
| 6:43 | Build | Stable |
| 6:45 | Build | Stable |
| 6:47 | Build | Stable |
| 6:51 | Build | Stable |
| 6:53 | Build | Stable |
| 6:55 | Build | Stable |
| 6:58 | Build | Stable |
| 7:02 | Build | Stable |
| 7:26 | Build | Gate |
| 7:57 | Build | Gate |
| 8:11 | Research | Conscription |
| 8:13 | Research | Spies/Treason |
| 8:15 | Research | Citadels |
| 8:16 | Research | Sappers |
| 8:24 | Research | Elite War Elephant (upgrade) |
| 8:38 | Create | Villager (Male) |
| 8:38 | Create | Villager (Male) |
| 8:57 | Build | Monastery |
| 9:00 | Build | University |
| 9:05 | Build | Blacksmith |
| 9:40 | Build | Siege Workshop |
| 9:43 | Build | Siege Workshop |
| 9:46 | Build | Siege Workshop |
| 9:49 | Build | Siege Workshop |
| 9:50 | Build | Siege Workshop |
| 9:53 | Build | Siege Workshop |
| 9:56 | Build | Siege Workshop |
| 9:59 | Build | Siege Workshop |
| 10:04 | Build | Siege Workshop |
| 10:06 | Build | Siege Workshop |
| 10:12 | Build | Siege Workshop |
| 10:15 | Build | Siege Workshop |
| 10:20 | Build | Siege Workshop |
| 10:22 | Build | Siege Workshop |
| 10:25 | Build | Siege Workshop |
| 10:28 | Build | Siege Workshop |
| 10:34 | Build | Siege Workshop |
| 10:37 | Build | Siege Workshop |
| 10:40 | Build | Siege Workshop |
| 10:42 | Build | Siege Workshop |
| 10:45 | Build | Siege Workshop |
| 10:48 | Build | Siege Workshop |
| 11:13 | Build | Watch Tower |
| 11:16 | Build | Watch Tower |
| 11:18 | Build | Watch Tower |
| 11:19 | Build | Watch Tower |
| 11:20 | Build | Watch Tower |
| 11:20 | Build | Watch Tower |
| 11:21 | Build | Watch Tower |
Build order — PrecededPlanet8
First 150 of 535 actions detected
| 0:53 | Build | House |
| 1:06 | Build | House |
| 1:16 | Build | House |
| 1:25 | Build | House |
| 1:35 | Build | House |
| 1:44 | Build | House |
| 1:52 | Build | House |
| 2:02 | Build | House |
| 3:02 | Create | Villager (Male) |
| 3:03 | Create | Villager (Male) |
| 3:03 | Create | Villager (Male) |
| 3:05 | Create | Villager (Male) |
| 3:06 | Create | Villager (Male) |
| 3:06 | Create | Villager (Male) |
| 3:06 | Create | Villager (Male) |
| 3:06 | Create | Villager (Male) |
| 3:07 | Create | Villager (Male) |
| 3:07 | Create | Villager (Male) |
| 3:09 | Create | Villager (Male) |
| 3:44 | Build | Barracks |
| 4:26 | Create | Villager (Male) |
| 4:26 | Create | Villager (Male) |
| 4:26 | Create | Villager (Male) |
| 4:50 | Build | Archery Range |
| 5:38 | Build | House |
| 5:42 | Build | House |
| 5:44 | Build | House |
| 5:48 | Build | House |
| 5:52 | Build | House |
| 6:39 | Create | Militia |
| 6:39 | Create | Militia |
| 6:39 | Create | Militia |
| 6:40 | Create | Militia |
| 6:40 | Create | Militia |
| 6:40 | Create | Militia |
| 6:41 | Create | Militia |
| 6:42 | Create | Militia |
| 6:47 | Create | Militia |
| 6:48 | Create | Militia |
| 6:48 | Create | Militia |
| 6:48 | Create | Militia |
| 6:50 | Create | Militia |
| 6:50 | Create | Militia |
| 6:50 | Create | Militia |
| 6:55 | Create | Archer |
| 6:56 | Create | Archer |
| 6:56 | Create | Archer |
| 6:58 | Create | Archer |
| 6:58 | Create | Archer |
| 6:59 | Create | Archer |
| 6:59 | Create | Archer |
| 6:59 | Create | Archer |
| 7:00 | Create | Archer |
| 7:01 | Create | Archer |
| 7:03 | Create | Archer |
| 7:03 | Create | Archer |
| 7:03 | Create | Archer |
| 7:04 | Create | Archer |
| 7:04 | Create | Archer |
| 7:37 | Research | Two-Handed Swordsman (upgrade) |
| 8:02 | Create | Hand Cannoneer |
| 8:07 | Create | Hand Cannoneer |
| 8:16 | Create | Hand Cannoneer |
| 8:17 | Create | Hand Cannoneer |
| 8:17 | Create | Hand Cannoneer |
| 8:18 | Create | Hand Cannoneer |
| 8:18 | Create | Hand Cannoneer |
| 8:18 | Create | Hand Cannoneer |
| 8:19 | Create | Hand Cannoneer |
| 8:19 | Create | Hand Cannoneer |
| 9:05 | Build | Barracks |
| 9:29 | Build | Stable |
| 9:41 | Build | Castle |
| 9:56 | Research | Hussar (upgrade) |
| 9:59 | Research | Cavalier (upgrade) |
| 10:11 | Create | Knight |
| 10:11 | Create | Knight |
| 10:11 | Create | Knight |
| 10:12 | Create | Knight |
| 10:12 | Create | Knight |
| 10:12 | Create | Knight |
| 10:13 | Create | Knight |
| 10:13 | Create | Knight |
| 10:14 | Create | Knight |
| 10:14 | Create | Knight |
| 10:14 | Create | Knight |
| 10:14 | Create | Knight |
| 10:15 | Create | Knight |
| 10:15 | Create | Knight |
| 10:54 | Create | Genoese Crossbowman |
| 10:55 | Create | Genoese Crossbowman |
| 10:55 | Create | Genoese Crossbowman |
| 10:56 | Create | Genoese Crossbowman |
| 10:56 | Create | Genoese Crossbowman |
| 10:56 | Create | Genoese Crossbowman |
| 10:57 | Create | Genoese Crossbowman |
| 10:57 | Create | Genoese Crossbowman |
| 10:57 | Create | Genoese Crossbowman |
| 10:58 | Create | Genoese Crossbowman |
| 10:58 | Create | Genoese Crossbowman |
| 10:59 | Create | Genoese Crossbowman |
| 11:00 | Create | Genoese Crossbowman |
| 11:00 | Create | Genoese Crossbowman |
| 11:00 | Create | Genoese Crossbowman |
| 11:01 | Create | Genoese Crossbowman |
| 13:19 | Create | Villager (Male) |
| 13:20 | Create | Villager (Male) |
| 13:20 | Create | Villager (Male) |
| 13:20 | Create | Villager (Male) |
| 13:20 | Create | Villager (Male) |
| 13:21 | Create | Villager (Male) |
| 13:21 | Create | Villager (Male) |
| 13:21 | Create | Villager (Male) |
| 13:22 | Create | Villager (Male) |
| 13:22 | Create | Villager (Male) |
| 13:22 | Create | Villager (Male) |
| 13:23 | Create | Villager (Male) |
| 13:23 | Create | Villager (Male) |
| 13:23 | Create | Villager (Male) |
| 13:53 | Create | Militia |
| 13:53 | Create | Militia |
| 13:54 | Create | Militia |
| 13:54 | Create | Militia |
| 13:54 | Create | Militia |
| 13:54 | Create | Militia |
| 13:55 | Create | Militia |
| 13:55 | Create | Militia |
| 13:55 | Create | Militia |
| 13:56 | Create | Militia |
| 13:56 | Create | Militia |
| 13:56 | Create | Militia |
| 13:56 | Create | Militia |
| 13:57 | Create | Militia |
| 13:57 | Create | Militia |
| 13:57 | Create | Militia |
| 14:39 | Build | Castle |
| 15:50 | Create | Villager (Male) |
| 15:50 | Create | Villager (Male) |
| 15:51 | Create | Villager (Male) |
| 15:51 | Create | Villager (Male) |
| 15:51 | Create | Villager (Male) |
| 15:52 | Create | Villager (Male) |
| 15:52 | Create | Villager (Male) |
| 15:52 | Create | Villager (Male) |
| 16:56 | Build | Farm |
| 16:56 | Build | Farm |
| 16:56 | Build | Farm |
| 16:56 | Build | Farm |
| 16:57 | Build | Farm |
| 16:57 | Build | Farm |
Match timeline
| 0:19 | Helldogs3732 · first_building Castle |
| 0:33 | Eltiooz · first_building Castle |
| 1:26 | Eltiooz · wall_segment Stone Wall x35 |
| 1:30 | Eltiooz · wall_segment Stone Wall x12 |
| 1:34 | Eltiooz · wall_segment Stone Wall x12 |
| 1:39 | Eltiooz · wall_segment Stone Wall x9 |
| 1:45 | LEGEND DROXZ · first_building Castle |
| 1:47 | Eltiooz · wall_segment Stone Wall x16 |
| 1:53 | Eltiooz · wall_segment Stone Wall x29 |
| 1:57 | Eltiooz · wall_segment Stone Wall x16 |
| 2:00 | Eltiooz · wall_segment Stone Wall x20 |
| 2:11 | Eltiooz · wall_segment Stone Wall x46 |
| 2:55 | LEGEND DROXZ · first_building Siege Workshop |
| 3:23 | Helldogs3732 · wall_segment Stone Wall x68 |
| 3:24 | LEGEND DROXZ · first_building Stable |
| 3:44 | PrecededPlanet8 · first_building Barracks |
| 3:50 | Helldogs3732 · wall_segment Stone Wall x49 |
| 3:53 | LEGEND DROXZ · first_building Barracks |
| 4:14 | Helldogs3732 · first_building Barracks |
| 4:23 | Eltiooz · first_building Stable |
| 4:50 | PrecededPlanet8 · first_building Archery Range |
| 5:16 | Eltiooz · first_building Archery Range |
| 5:16 | Helldogs3732 · first_building Archery Range |
| 5:57 | Helldogs3732 · first_building Stable |
| 7:57 | Eltiooz · first_building Siege Workshop |
| 8:57 | Helldogs3732 · first_building Monastery |
| 9:29 | PrecededPlanet8 · first_building Stable |
| 9:40 | Helldogs3732 · first_building Siege Workshop |
| 9:41 | PrecededPlanet8 · first_building Castle |
| 11:33 | LEGEND DROXZ · first_building Archery Range |
| 11:56 | Helldogs3732 · wall_segment Stone Wall x35 |
| 21:17 | PrecededPlanet8 · wall_segment Stone Wall x48 |
| 23:57 | Helldogs3732 · wall_segment Stone Wall x38 |
| 25:33 | Helldogs3732 · wall_segment Stone Wall x14 |
| 28:48 | Helldogs3732 · wall_segment Stone Wall x50 |
| 30:28 | PrecededPlanet8 · first_building Siege Workshop |
| 31:44 | Eltiooz · first_building Barracks |
| 33:13 | Helldogs3732 · wall_segment Stone Wall x8 |
| 33:51 | PrecededPlanet8 · wall_segment Stone Wall x91 |
| 40:52 | LEGEND DROXZ · resign |
[ AI ANALYSIS · 1 CREDIT ]
What really happened in this match?
Wolo.gg analyzes every decision: build order, eco, micro, common mistakes by bracket. Personalized analysis on WhatsApp or Discord in 30 seconds.
Civ guide
Hindustanis
Map guide
Michi
Perfil
Jugador #20965594